 Dungeon Crawl Stone Soup version 0.29-a0-397-g846e4a0bbc (webtiles) character file.

Game seed: 18384796386605722902

3388 pyrow613 the Cleaver (level 9, -3/79 HPs)
             Began as a Demigod Fighter on May 11, 2022.
             Succumbed to a water moccasin's poison
             ... on level 7 of the Dungeon.
             The game lasted 00:16:22 (9234 turns).

pyrow613 the Cleaver (Demigod Fighter)              Turns: 9234, Time: 00:16:23

Health: -3/79      AC: 11    Str: 29    XL:     9   Next: 46%
Magic:  11/11      EV:  8    Int: 10    God:
Gold:   126        SH:  5    Dex: 13    Spells: 8/8 levels left

rFire   + . .      SeeInvis .   a - +6 battleaxe
rCold   + . .      Faith    .   (shield currently unavailable)
rNeg    . . .      Spirit   .   r - +0 chain mail
rPois   +          Reflect  +   p - +0 helmet
rElec   +          Harm     .   C - scarf {repulsion}
rCorr   +          Rampage  .   m - +0 pair of gloves
Will    .....                   (no boots)
Stlth   ..........              w - amulet of reflection
HPRegen 0.23/turn               (no ring)
MPRegen 0.12/turn               (no ring)

@: lethally poisoned (-3 -> -21), resistant, repel missiles
A: high MP 1, forlorn, divine attributes
a: no special abilities


You were on level 7 of the Dungeon.
You visited 1 branch of the dungeon, and saw 8 of its levels.

You collected 368 gold pieces.
You spent 242 gold pieces at shops.

Inventory:

Hand Weapons
 a - a +6 battleaxe (weapon)
 b - a +0 hunting sling
 t - a +1 war axe
Missiles
 h - 7 poisoned darts (quivered)
Armour
 c - a +0 buckler
 m - a +0 pair of gloves (worn)
 p - a +0 helmet (worn)
 r - a +0 chain mail (worn)
 C - a scarf of repulsion (worn)
Jewellery
 w - an amulet of reflection (around neck)
 z - an amulet of regeneration
Wands
 i - a wand of paralysis (1)
 j - a wand of flame (1)
 B - a wand of iceblast (7)
Scrolls
 f - a scroll of enchant armour {unknown}
 l - 3 scrolls of blinking
 n - a scroll of magic mapping
 o - a scroll of poison {unknown}
 q - 2 scrolls of teleportation
 u - a scroll of identify
 v - a scroll of enchant weapon
 y - a scroll of fog {unknown}
Potions
 d - a potion of mutation
 e - a potion of haste
 g - a potion of magic
 k - 2 potions of flight


   Skills:
 + Level 7.4 Fighting
 * Level 10.0 Axes
 - Level 2.6 Armour
 - Level 5.0 Shields


You had 8 spell levels left.
You didn't know any spells.
Your spell library contained the following spells:

 Spells                   Type           Power      Damage    Failure   Level
 Freeze                   Ice            0%         1d3       91%         1
 Ensorcelled Hibernation  Hex/Ice        0%         N/A       97%         2
 Passwall                 Tmut/Erth      0%         N/A       97%         2
 Frozen Ramparts          Ice            0%         1d2       99%         3
 Swiftness                Air            0%         N/A       99%         3
 Tukima's Dance           Hex            0%         N/A       99%         3
 Hailstorm                Conj/Ice       0%         3d3       100%        4
 Passage of Golubria      Tloc           0%         N/A       100%        4
 Yara's Violent Unravell  Hex/Tmut       0%         3d3       100%        5


Dungeon Overview and Level Annotations

Branches:
Dungeon (8/15)             Temple (0/1) D:7
   Lair: D:8-11

Shops:
D:5 [   D:6 =   D:7 *

Annotations:
D:4 3 runed translucent doors, Snarg's ghost, amateur OpTm
D:7 2 transporters


Innate Abilities, Weirdness & Mutations

You have an increased reservoir of magic. (+10% MP)
You shall have no god before yourself.
Your divine heritage dramatically boosts your attributes as you level up.


Message History

There is a stone staircase leading down, spattered with blood here.
You slash the wight!
You destroy the wight!
You hit the water moccasin.
The water moccasin bites you but does no damage.
The water moccasin bites you.
* * * LOW HITPOINT WARNING * * *
You hit the water moccasin but do no damage.
The water moccasin is lightly wounded.
The water moccasin barely misses you. The water moccasin bites you.
* * * LOW HITPOINT WARNING * * *
You barely miss the water moccasin.
The water moccasin is lightly wounded.
The water moccasin bites you.
* * * LOW HITPOINT WARNING * * *
You are poisoned.
The water moccasin poisons you!
You miss the water moccasin.
The water moccasin is lightly wounded.
* * * LOW HITPOINT WARNING * * *
You feel very sick. You block the water moccasin's attack.
The water moccasin barely misses you.
You hit the water moccasin.
The water moccasin is moderately wounded.
You feel sick.
The water moccasin completely misses you.
The water moccasin barely misses you.
You barely miss the water moccasin.
The water moccasin is moderately wounded.
You feel sick. You block the water moccasin's attack.
You hit the water moccasin.
The water moccasin is heavily wounded.
You feel sick. The water moccasin closely misses you.
The water moccasin bites you.
* * * LOW HITPOINT WARNING * * *
You are more poisoned.
The water moccasin poisons you!
It was a potion of resistance.
You feel protected.
You die...

####### #.....#
############# #.###.#
..#.........# #.# #.#
..#.........#########.# #.#
..#...................# #.#
.............############.#
###..........###.......##.#
................@รท......#.#
#####.##.......S.)..#####.#
#...............##....#
########............##.####
....)......[........##.#
#######......#.#######.#
......#.....##.# #.#
#####.#.###.##.#######.#
......#........#.....#.#


You could see a water moccasin.

Vanquished Creatures
  A yak (D:8)
  A steam dragon (D:6)
  Duvessa (D:4)
  2 water moccasins (D:8)
  An ice beast (D:6)
  An ogre (D:7)
  3 black bears
  A sky beast (D:7)
  2 phantoms (D:6)
  A necrophage (D:6)
  2 bullfrogs
  5 scorpions
  10 wights
  Dowan (D:4)
  4 killer bees (D:7)
  2 howler monkeys (D:5)
  4 hounds
  3 jellies
  3 orc priests (D:6)
  6 iguanas
  3 orc wizards
  11 gnolls
  8 adders
  2 ufetubi (D:5)
  A worm (D:2)
  2 dart slugs
  24 orcs
  7 bats
  9 endoplasms
  3 giant cockroaches
  4 goblins
  6 hobgoblins
  A quokka (D:5)
  7 ball pythons
  2 frilled lizards (D:3)
  6 kobolds
  6 rats
156 creatures vanquished.

Vanquished Creatures (others)
  26 fungi (D:8)
  22 plants (D:8)
48 creatures vanquished.

Grand Total: 204 creatures vanquished

Notes
Turn   | Place    | Note
-------+----------+-------------------------------------------
     0 | D:1      | pyrow613 the Demigod Fighter began the quest for the Orb.
     0 | D:1      | Reached XP level 1. HP: 18/18 MP: 3/3
    79 | D:1      | Reached skill level 2 in Axes
   495 | D:1      | Reached XP level 2. HP: 21/25 MP: 4/4
  1168 | D:2      | Reached XP level 3. HP: 26/31 MP: 5/5
  1588 | D:2      | Reached skill level 3 in Axes
  2110 | D:3      | Reached XP level 4. HP: 33/38 MP: 6/6
  2190 | D:3      | HP: 1/38 [gnoll/+1 flail of pain (4)]
  3017 | D:4      | Noticed an orc warrior
  3020 | D:4      | Noticed Snarg's ghost (amateur OpTm)
  3023 | D:4      | Reached XP level 5. HP: 45/45 MP: 7/7
  3315 | D:4      | Reached skill level 4 in Axes
  3416 | D:4      | Noticed Duvessa
  3417 | D:4      | Noticed Dowan
  3424 | D:4      | Killed Duvessa
  3429 | D:4      | Killed Dowan
  3430 | D:4      | Reached XP level 6. HP: 30/52 MP: 8/8
  3975 | D:4      | Found a runed translucent gate.
  3975 | D:4      | Found a runed translucent gate.
  3975 | D:4      | Found a runed translucent gate.
  4069 | D:5      | Entered Level 5 of the Dungeon
  4115 | D:5      | Reached skill level 5 in Axes
  4359 | D:5      | Reached XP level 7. HP: 60/60 MP: 9/9
  4711 | D:5      | Identified the +1 ring mail "Teamput" {Int+3 Dex+3}
  5096 | D:5      | Reached skill level 6 in Axes
  5181 | D:5      | Found Ginaixto's Armour Shop.
  5189 | D:5      | Bought a +0 pair of gloves for 49 gold pieces
  5189 | D:5      | Bought a +0 helmet for 49 gold pieces
  5865 | D:6      | Reached skill level 5 in Shields
  5917 | D:6      | Reached skill level 5 in Fighting
  6083 | D:6      | Noticed a steam dragon
  6108 | D:6      | Killed a steam dragon
  6109 | D:6      | Reached XP level 8. HP: 65/68 MP: 10/10
  6150 | D:6      | Reached skill level 7 in Axes
  6548 | D:6      | Reached skill level 8 in Axes
  6715 | D:6      | Found Xapneele's Jewellery Emporium.
  7083 | D:7      | Found a staircase to the Ecumenical Temple.
  7121 | D:7      | Found Zeggosuj's Neck Hole.
  7204 | D:7      | Bought a scarf of repulsion for 144 gold pieces
  7460 | D:7      | HP: 4/106 [poisoned by a killer bee]
  7465 | D:7      | HP: 1/106 [poisoned by a killer bee]
  7929 | D:7      | Found a transporter.
  7931 | D:7      | Noticed an orc sorcerer
  7939 | D:7      | Found a transporter.
  8053 | D:7      | Noticed a kobold demonologist
  8584 | D:8      | Reached XP level 9. HP: 64/77 MP: 11/11
  8590 | D:8      | Reached skill level 9 in Axes
  9213 | D:8      | Reached skill level 10 in Axes
  9233 | D:7      | HP: 1/79 [water moccasin (5)]
  9234 | D:7      | Succumbed to a water moccasin's poison

Illustrated notes

Levels and vault maps discovered:
D:1:      sevenhm_arrival_forest_fort_small_5, layout_rooms,
          hellmonk_ecumenical_altar_heavens_door, minmay_misc_feat_cross
D:2:      layout_loops_ring, basic_altar
D:3:      layout_rooms, minitemple
D:4:      layout_rooms, kennysheep_mini_moat, gammafunk_ghost_split,
          uniq_duvessa
D:5:      layout_rooms, serial_shops, shop
D:6:      layout_basic, serial_shops, nicolae_take_the_stairs
D:7:      gammafunk_wand_slinger, layout_basic, minmay_temple_entry_large_hall,
          minmay_misc_feat_plants, nicolae_shop_sticking_my_neck_out
D:8:      layout_layer_cave, mainiacjoe_overflow_surrounded_room,
          due_lair_maze_entry_diamond, minmay_misc_feat_tiny

Skill      XL: |  1  2  3  4  5  6  7  8  9 |
---------------+----------------------------+-----
Axes           | 2 3 4 5 6 8 10 | 10.0
Fighting       | 3 4 5 6 7 |  7.4
Shields        | 3 4 5 |  5.0
Armour         | |  2.6

Action                   |  1- 3 |  4- 6 |  7- 9 || total
-------------------------+-------+-------+-------++-------
Melee: War axe           |   112 |   128 |    85 ||   325
       Battleaxe         |       |       |   153 ||   153
 Fire: Hunting sling     |     9 |     2 |     3 ||    14
Throw: Dart              |       |       |     4 ||     4
  Use: Potion            |       |     1 |     4 ||     5
       Scroll            |       |    11 |       ||    11
Armor: Scale mail        |    58 |    29 |       ||    87
       Chain mail        |       |    14 |   165 ||   179
Dodge: Dodged            |    45 |    61 |   125 ||   231
       Repelled          |       |       |     1 ||     1
Block: Buckler           |    31 |    37 |    39 ||   107
       Other             |       |       |    36 ||    36

Table legend: (Time is in decaauts)
 A = Elapsed time spent in this place.
 B = Non-inter-level travel time spent in this place.
 C = Inter-level travel time spent in this place.
 D = Time resting spent in this place.
 E = Time spent auto-exploring this place.
 F = Levels seen in this place.
 G = Mean time per level.
                   A        B        C        D        E       F      G
               +--------+--------+--------+--------+--------+-----+--------+
         Total |   9405 |   9033 |    372 |   2698 |   4929 |   8 | 1175.6 |
       Dungeon |   9405 |   9033 |    372 |   2698 |   4929 |   8 | 1175.6 |
               +--------+--------+--------+--------+--------+-----+--------+

Top non-repeatable levels by time:
     D:7: 1821 daAuts
     D:3: 1484 daAuts
     D:5: 1374 daAuts
     D:6: 1329 daAuts
     D:4: 1141 daAuts
     D:2: 1027 daAuts
     D:1: 857 daAuts
     D:8: 368 daAuts
